[Event "*** Titled Tuesday Blitz"]
[Site "Chess.com"]
[Date "2020.04.28"]
[Round "1"]
[White "ChessWarrior7197"]
[Black "Megagigahiper3345"]
[Result "0-1"]
[WhiteElo "2848"]
[BlackElo "2460"]
[TimeControl "180+1"]
[EndTime "10:07:11 PDT"]
[Termination "Megagigahiper3345 won by resignation"]

1. e4 c5 2. Nf3 d6 3. d4 cxd4 4. Nxd4 Nf6 5. Nc3 a6 6. Bd3 g6 7. f3 Bg7 8. Be3 O-O 9. Qd2 Nc6 10. O-O-O Nxd4 11. Bxd4 Be6 12. g4 b5 13. g5 Nh5 14.
Bxg7 Kxg7 15. f4 b4 16. Ne2 Qa5 17. a3 Rab8 18. Nd4 Qa4 19. Be2 Rfc8 20. Bxh5 bxa3 21. Nxe6+ Kg8 22. Qd3 Rxb2 23. Rd2 Qb4 24. Kd1 Rb1+ 25. Ke2 Rxh1 26. Qxa6 Rxh2+ 27. Kf1 Qc4+ 28. Qxc4 Rxc4 29. Rxh2 a2 30. Ke2 a1=Q 31. Kd3 Qc3+ 0-1

[Event "*** Titled Tuesday Blitz"]
[Site "Chess.com"]
[Date "2020.04.28"]
[Round "1"]
[White "colegiodemadrid"]
[Black "bgfbfbgfbgfgf"]
[Result "1-0"]
[WhiteElo "2289"]
[BlackElo "2586"]
[TimeControl "180+1"]
[EndTime "10:07:11 PDT"]
[Termination "colegiodemadrid won by resignation"]

1. e4 c5 2. Nf3 d6 3. d4 cxd4 4. Nxd4 Nf6 5. Nc3 a6 6. Bg5 e6 7. f4 h6 8. Bh4 Qb6 9. a3 Be7 10.
Bf2 Qc7 11. Qf3 b5 12. O-O-O Bb7 13. g4 Nbd7 14. h4 d5 15. e5 Ne4 16. Nxe4 dxe4 17.
Qe2 Rc8 18. Rh3 b4 19. axb4 Bxb4 20. Be1 a5 21. Nb5 Qb6 22. Nd6+ Ke7 23. f5 Nxe5 24. Nxc8+ Rxc8 25. f6+ gxf6 26. Qb5 Qxb5 27. Bxb5 Bxe1 28. Rxe1 Nxg4 29. Ra3 e3 30. Be2 f5 31. Bxg4 fxg4 32. Rexe3 f5 33. Rxa5 f4 34. Rb3 Bd5 35. Rb4 Rf8 36. c4 f3 37. Kd2 f2 38.
Ra1 Bg2 39. c5 h5 40. Ra7+ Kf6 41. Rf4+ Ke5 42. Rxf8 Bf3 43. Ra1 Ke4 44. c6 g3 45.
c7 g2 46. c8=Q f1=Q 47. Qc6+ Ke5 48. Qc5+ 1-0

[Event "*** Titled Tuesday Blitz"]
[Site "Chess.com"]
[Date "2020.04.28"]
[Round "1"]
[White "Pittiplatsh"]
[Black "Guenplen"]
[Result "0-1"]
[WhiteElo "2460"]
[BlackElo "2952"]
[TimeControl "180+1"]
[EndTime "10:07:12 PDT"]
[Termination "Guenplen won by resignation"]

1. e4 c5 2. Nf3 e6 3. d4 cxd4 4. Nxd4 Nf6 5. Nc3 Nc6 6. Ndb5 Bc5 7. Bf4 O-O 8. Bc7 Qe7 9. Bd6 Bxd6 10. Qxd6 Qd8 11.
Qc7 d5 12. Qxd8 Rxd8 13. exd5 exd5 14. O-O-O d4 15. Na4 Ne4 16. Re1 Nxf2 17. Rg1 Bf5 18. Nc5 a6 19. Na3 d3 20. Nxd3 Bxd3 21. Bxd3 Nxd3+ 22. cxd3 Rxd3 23. Rd1 Rad8 24. Rxd3 Rxd3 25. Re1 Kf8 26.
Nc4 Rd4 27. Ne3 g6 28. a3 h5 29. Kc2 Re4 30. Kd3 Re7 31. Rc1 Kg7 32. Rc5 Rd7+ 33.
Ke2 Nd4+ 34. Kf2 Ne6 35. Rc2 h4 36. Nc4 Rc7 37. Ne3 Rxc2+ 38. Nxc2 f5 39. Ke3 Kf6 40.
g3 h3 41. Nb4 g5 42. Nd3 g4 43. b4 Ng5 44. Ne1 Ke5 45. Nd3+ Kd5 46. Ne1 Ne6 47. Nd3 Kc4 0-1

[Event "*** Titled Tuesday Blitz"]
[Site "Chess.com"]
[Date "2020.04.28"]
[Round "1"]
[White "White_Ghost"]
[Black "Tesla37"]
[Result "0-1"]
[WhiteElo "2448"]
[BlackElo "2878"]
[TimeControl "180+1"]
[EndTime "10:07:12 PDT"]
[Termination "Tesla37 won on time"]

1. d4 Nf6 2. c4 d6 3. Nc3 Nbd7 4. Nf3 e5 5. e4 c6 6. g3 a6 7. Bg2 b5 8. Qe2 Bb7 9. O-O Be7 10. c5 O-O 11. cxd6 Bxd6 12. Bg5 h6 13. Bxf6 Qxf6 14. Rad1 Rad8 15. Bh3 Nb6 16. dxe5 Bxe5 17. Nxe5 Qxe5 18.
Bg2 b4 19. Nb1 c5 20. f4 Qe7 21. Nd2 Rd4 22. Nb3 Rxd1 23. Rxd1 c4 24. Nd4 Rd8 25. e5 Bxg2 26. Kxg2 Qc5 27. Nf5 Rxd1 28. Qxd1 Qd5+ 29. Qxd5 Nxd5 30. Kf3 c3 31. bxc3 Nxc3 32. Ke3 Nxa2 33. Kd3 a5 34. Kc4 a4 35. Ne7+ Kf8 36. Nd5 b3 37. Kd3 a3 38. Kd2 Nb4 39. Nc3 a2 0-1

[Event "*** Titled Tuesday Blitz"]
[Site "Chess.com"]
[Date "2020.04.28"]
[Round "1"]
[White "FCChelsea14"]
[Black "Alopekos"]
[Result "0-1"]
[WhiteElo "2679"]
[BlackElo "2373"]
[TimeControl "180+1"]
[EndTime "10:07:12 PDT"]
[Termination "Alopekos won by resignation"]

1. d4 Nf6 2. c4 e6 3. Nf3 d5 4. g3 Be7 5. Bg2 O-O 6. O-O dxc4 7. Qc2 b5 8. a4 b4 9. Nfd2 c6 10. Nxc4 Qxd4 11. Rd1 Qc5 12. b3 Qh5 13. Bb2 Nbd7 14.
Nbd2 e5 15. Na5 Qxe2 16. Nxc6 Bc5 17. Qf5 Ng4 18. Ne7+ Kh8 19. Bxa8 Nxf2 20. Bg2 Nxd1+ 21. Kh1 Nf2+ 22. Kg1 Nd1+ 23. Kh1 Qxd2 24. Bxe5 Nxe5 25. Qxe5 Nf2+ 26. Kg1 Nd3+ 27. Kh1 Nxe5 0-1

[Event "*** Titled Tuesday Blitz"]
[Site "Chess.com"]
[Date "2020.04.28"]
[Round "1"]
[White "Mizner"]
[Black "PauloCesarCosta_sad"]
[Result "0-1"]
[WhiteElo "2488"]
[BlackElo "2124"]
[TimeControl "180+1"]
[EndTime "10:07:12 PDT"]
[Termination "PauloCesarCosta_sad won by checkmate"]

1. e4 e6 2. d4 d5 3. Nd2 Nf6 4. e5 Nfd7 5. Bd3 c5 6. c3 Nc6 7. Ne2 Qb6 8. Nf3 cxd4 9. cxd4 f6 10. exf6 Nxf6 11. O-O Bd6 12. b3 O-O 13. Bf4 Nxd4 14. Nfxd4 e5 15. Be3 exd4 16. Bxd4 Qd8 17. Ng3 Bd7 18.
Re1 g6 19. Rc1 Ng4 20. h3 Nxf2 21. Bxf2 Rxf2 22. Kxf2 Qb6+ 23. Ke2 Bxg3 24. Rf1 Re8+ 25. Kd2 Qa5+ 26. Kc2 Qxa2+ 27. Kc3 Be5+ 28. Kb4 a5+ 29. Kc5 Qa3+ 30. Kxd5 Qd6+ 31. Ke4 Bg3+ 32. Kf3 Qf4# 0-1

[Event "*** Titled Tuesday Blitz"]
[Site "Chess.com"]
[Date "2020.04.28"]
[Round "1"]
[White "Mazanchenko_Dmitry"]
[Black "x-3738459472"]
[Result "0-1"]
[WhiteElo "2120"]
[BlackElo "2510"]
[TimeControl "180+1"]
[EndTime "10:07:13 PDT"]
[Termination "x-3738459472 won by checkmate"]

1. e4 c5 2. Ne2 Nc6 3. Nbc3 Nf6 4. d4 d5 5. exd5 Nxd5 6. dxc5 e6 7. Nxd5 exd5 8.
Nc3 Be6 9. Bd3 Bxc5 10. O-O O-O 11. Bf4 h6 12. Ne2 Qf6 13. c3 Rad8 14. Bc2 d4 15.
Qd3 g6 16. Bxh6 Bf5 17. Qf3 d3 18. Bxf8 Bxf8 19. g4 Qg5 20. Ng3 Bxg4 21. Ne4 Bxf3+ 22. Nxg5 Be2 23. Bb3 Bxf1 24. Nxf7 Na5 25. Nxd8+ Nxb3 26. axb3 Be2 27. Ne6 d2 28. Nxf8 Kxf8 29. f4 d1=Q+ 30. Rxd1 Bxd1 31. b4 Be2 32. Kf2 Bc4 33. Ke3 Ke7 34.
Kd4 Bf1 35. Kc5 Kd7 36. b5 Ke6 37. c4 b6+ 38. Kc6 Bxc4 39. b4 Be2 40. Kb7 Kd6 41.
Kxa7 Kc7 42. h4 Bxb5 43. Ka8 Bc6+ 44. Ka7 Bb7 45. f5 gxf5 46. h5 f4 47. h6 Be4 48.
b5 Bh7 49. Ka8 f3 50. Ka7 f2 51. Ka8 f1=Q 52. Ka7 Qa1# 0-1

[Event "*** Titled Tuesday Blitz"]
[Site "Chess.com"]
[Date "2020.04.28"]
[Round "1"]
[White "TheFireChess"]
[Black "abhidabhi"]
[Result "0-1"]
[WhiteElo "2405"]
[BlackElo "2762"]
[TimeControl "180+1"]
[EndTime "10:07:14 PDT"]
[Termination "abhidabhi won by resignation"]

1. e4 Nc6 2. Nf3 d5 3. exd5 Qxd5 4. c4 Qa5 5. Nc3 Bg4 6. Be2 O-O-O 7. O-O e6 8. h3 Bxf3 9. Bxf3 Nd4 10. a3 Bd6 11.
Rb1 h5 12. b4 Qe5 13. g3 h4 14. Bg2 hxg3 15. f4 Qf5 16. Qg4 Qxg4 17. hxg4 Nf6 18.
g5 Ng4 19. d3 Rh2 20. Re1 Rdh8 21. Rb2 Nf2 22. Rxf2 gxf2+ 23. Kxf2 Nf5 24. c5 Nh4 25. Rg1 Be7 26. Be3 Nxg2 27. Rxg2 R8h3 28. Rxh2 Rxh2+ 29. Kf3 Rc2 30. Bd4 g6 31. Ke3 Kd7 32. Be5 b6 33.
cxb6 cxb6 34. Nb5 a6 35. Nc3 b5 36. Ke4 Rc1 37. Ke3 Bd6 38. Bxd6 Kxd6 39. Ne4+ Kc6 40. Kd4 Ra1 41. Nf6 Rxa3 42. Ng8 Kd7 43. Nf6+ Ke7 44. Ne4 Rb3 45. Nc5 Rxb4+ 46. Kc3 Rxf4 47. Nxa6 Rf5 48. Nc7 Rxg5 49. d4 Rf5 50. Kb4 g5 51.
Nxb5 0-1

[Event "*** Titled Tuesday Blitz"]
[Site "Chess.com"]
[Date "2020.04.28"]
[Round "1"]
[White "ChessicallyInclined"]
[Black "ItsCheckM8Mate"]
[Result "0-1"]
[WhiteElo "2563"]
[BlackElo "2261"]
[TimeControl "180+1"]
[EndTime "10:07:14 PDT"]
[Termination "ItsCheckM8Mate won by resignation"]

1. d4 Nf6 2. c4 e6 3. Nc3 Bb4 4. e3 O-O 5. Ne2 d5 6. a3 Be7 7. cxd5 exd5 8. Nf4 a5 9. Bd3 c6 10. O-O Na6 11. f3 Nc7 12. Bc2 c5 13. Na4 cxd4 14. exd4 Ne6 15. Nxe6 Bxe6 16. Bf4 Rc8 17. Bd3 Re8 18.
Qd2 Bd7 19. Nc3 Qb6 20. Kh1 Kh8 21. Be5 Be6 22. f4 Ne4 23. Bxe4 dxe4 24. f5 Bc4 25. f6 gxf6 26. Qh6 Bxf1 27. Rxf1 Rc6 28. Bg3 Qa6 29.
Rf5 Bf8 30. Qe3 Qd3 31. Qe1 e3 32. Ne2 Rc2 33. Nf4 Qd2 34. Qg1 Rc1 35. Bh4 Rxg1+ 36.
Kxg1 e2 37. Bxf6+ Bg7 38. Bxg7+ Kxg7 39. Nh5+ Kh8 0-1

[Event "*** Titled Tuesday Blitz"]
[Site "Chess.com"]
[Date "2020.04.28"]
[Round "1"]
[White "Camels1981"]
[Black "Aikiigm"]
[Result "1-0"]
[WhiteElo "2187"]
[BlackElo "2512"]
[TimeControl "180+1"]
[EndTime "10:07:15 PDT"]
[Termination "Camels1981 won by resignation"]

1. e4 Nf6 2. e5 Nd5 3. c4 Nb6 4. c5 Nd5 5. Nc3 c6 6. Qg4 d6 7. Qg3 dxc5 8. Nf3 Bf5 9. Bc4 e6 10. O-O Nd7 11. d3 Nb4 12. Bg5 Qc7 13. a3 Nxd3 14.
Nh4 Nxb2 15. Be2 Qxe5 16. Nxf5 Qxf5 17. Rab1 h6 18. Bc1 Nf6 19. Rxb2 b6 20. Bd3 Qh5 21. Qc7 Rd8 22. Qxc6+ Nd7 23. Bb5 Be7 24. Rd2 O-O 25.
Rxd7 Rxd7 26. Qxd7 Bf6 27. Ne4 Bd4 28. Qxa7 Qe5 29. Ng3 h5 30. Ne2 h4 31. Bf4 Qe4 32.
h3 c4 33. Nxd4 Qxd4 34. Be3 Qb2 35. Qxb6 c3 36. Qc5 Rb8 37. Bd3 Ra8 38. Qh5 Qxa3 39. Qh7+ Kf8 40. Qh8+ Ke7 41. Qxh4+ f6 42. Qh5 Rc8 43.
Qg6 Kf8 44. Bc2 Qe7 45. Rd1 Qf7 46. Qxf7+ Kxf7 47. Rd7+ Kf8 48. Bd4 Rc7 49. Rxc7 1-0

[Event "*** Titled Tuesday Blitz"]
[Site "Chess.com"]
[Date "2020.04.28"]
[Round "1"]
[White "Luibov_AN"]
[Black "LuckSlayeer"]
[Result "0-1"]
[WhiteElo "2113"]
[BlackElo "2509"]
[TimeControl "180+1"]
[EndTime "10:07:15 PDT"]
[Termination "LuckSlayeer won by resignation"]

1. d4 Nf6 2. Nf3 e6 3. c4 Bb4+ 4. Nbd2 O-O 5. Qc2 d5 6. g3 dxc4 7. Qxc4 Be7 8. Bg2 Nbd7 9. O-O c5 10. e3 cxd4 11. Nxd4 Ne5 12. Qb3 Qb6 13. N2f3 Nxf3+ 14. Bxf3 e5 15. Ne2 e4 16. Bg2 Be6 17. Qa4 Rac8 18.
Nd4 Bc4 19. Re1 Bd3 20. a3 Rc4 21. b4 Rfc8 22. Bb2 Ng4 23. h3 Ne5 24. Nf5 Qe6 25.
g4 Bf6 26. Rac1 Bc2 27. Qa5 Nf3+ 28. Bxf3 Bxb2 29. Rxc2 Rxc2 30. Bg2 Rc1 31. Rxc1 Rxc1+ 32. Kh2 Be5+ 33. Ng3 Rc8 34. Qxa7 b6 35. Qb7 Re8 36. Bxe4 Bxg3+ 37. fxg3 Qxe4 0-1

[Event "*** Titled Tuesday Blitz"]
[Site "Chess.com"]
[Date "2020.04.28"]
[Round "1"]
[White "uchenic"]
[Black "Msb2"]
[Result "0-1"]
[WhiteElo "2464"]
[BlackElo "3011"]
[TimeControl "180+1"]
[EndTime "10:07:16 PDT"]
[Termination "Msb2 won by resignation"]

1. d4 Nf6 2. c4 e6 3. Nf3 d5 4. Nc3 dxc4 5. e3 a6 6. a4 b6 7. Bxc4 Bb7 8. O-O Bb4 9. Ne5 O-O 10. Be2 Nbd7 11. Nxd7 Qxd7 12. Bf3 Bxf3 13. Qxf3 Rfd8 14. Rd1 Bxc3 15. bxc3 Qd5 16. Ba3 b5 17. axb5 axb5 18. Be7 Re8 19. Bxf6 Qxf3 20. gxf3 gxf6 21. Kf1 Kf8 22.
Ke2 Ke7 23. Rdb1 c6 24. Kd3 Rg8 25. Rg1 Rxa1 26. Rxa1 Rg2 27. Ra7+ Kf8 28. Ke2 Rxh2 29. Rc7 h5 30. Rxc6 h4 31. Rc5 f5 32. Rxb5 Rh1 33. e4 h3 34. exf5 h2 35. fxe6 Ra1 36. Rh5 h1=Q 37.
Rxh1 Rxh1 38. exf7 Kxf7 39. Ke3 Ke6 40. c4 Re1+ 41.
Kd3 Kd6 42. Kd2 Ra1 43. Ke3 Ra3+ 44. Ke4 Ra1 45. Kd3 Ke6 46. Ke4 Re1+ 47. Kd3 Kf5 48. c5 Ke6 49. Kd2 Ra1 50. Kd3 Kd5 51. f4 Ra3+ 52. Ke2 Kxd4 0-1

[Event "*** Titled Tuesday Blitz"]
[Site "Chess.com"]
[Date "2020.04.28"]
[Round "1"]
[White "MasterKroket"]
[Black "Dynamikus"]
[Result "0-1"]
[WhiteElo "2403"]
[BlackElo "2758"]
[TimeControl "180+1"]
[EndTime "10:07:16 PDT"]
[Termination "Dynamikus won by checkmate"]

1. d4 d5 2. c4 c6 3. Nf3 Nf6 4. Nc3 a6 5. c5 Bf5 6. g3 Nbd7 7. Bg2 g6 8. h3 Bg7 9. g4 Be4 10. Nxe4 Nxe4 11. O-O O-O 12. Bf4 Re8 13. Nd2 Nxd2 14. Qxd2 e5 15. Bg5 Qc7 16. e3 Nf8 17. dxe5 Bxe5 18. Rad1 Ne6 19. Bh6 Nxc5 20. f4 Bf6 21.
g5 Bh8 22. f5 Be5 23. fxg6 hxg6 24. Qc2 Bd6 25. Rf6 Re6 26. Rdf1 Rxf6 27. Rxf6 Qe7 28.
Kh1 Be5 29. Rf1 Re8 30. h4 Bd6 31. h5 Qe5 32. Kg1 Qxe3+ 33. Kh1 Qe5 34. Kg1 Qh2+ 35.
Kf2 Ne4+ 36. Ke1 Ng3+ 37. Kd1 Qxh5+ 38. Kc1 Nxf1 39. Bxf1 Re1+ 40. Kd2 Rxf1 41. Qc3 Qd1+ 42. Ke3 Bf4# 0-1

[Event "*** Titled Tuesday Blitz"]
[Site "Chess.com"]
[Date "2020.04.28"]
[Round "1"]
[White "theblitzchamp"]
[Black "Generalas"]
[Result "1-0"]
[WhiteElo "2675"]
[BlackElo "2338"]
[TimeControl "180+1"]
[EndTime "10:07:16 PDT"]
[Termination "theblitzchamp won on time"]

1. d4 Nf6 2. Bf4 d6 3. e3 g6 4. Nf3 Bg7 5. c3 O-O 6. Nbd2 b6 7. h4 Bb7 8. Bd3 Nbd7 9. e4 Re8 10.
Bg5 e5 11. d5 h5 12. Nh2 c6 13.
dxc6 Bxc6 14. g4 Nc5 15. Bc2 Ne6 16. Bxf6 Qxf6 17. gxh5 Qxh4 18. hxg6 fxg6 19. Qg4 Qh6 20. O-O-O Qh5 21. Bb3 Qxg4 22. Nxg4 Kf8 23. Rdg1 Nf4 24.
Kb1 d5 25. exd5 Nxd5 26. Rh7 Nf4 27. Nf6 Re7 28. Nfe4 Rd8 29. Kc2 a5 30. a4 b5 31.
axb5 Bxb5 32. Rgh1 a4 33. Rh8+ Bxh8 34. Rxh8+ Kg7 35.
Rxd8 axb3+ 36. Kxb3 Bc6 37. Rd6 Rb7+ 38. Kc2 Ba4+ 39.
b3 Be8 40. c4 Ra7 41. c5 Ra2+ 42. Kc3 Ne2+ 43. Kb4 Nd4 44. Nc4 Nc6+ 45. Kc3 Nd4 46. Rd8 1-0

[Event "*** Titled Tuesday Blitz"]
[Site "Chess.com"]
[Date "2020.04.28"]
[Round "1"]
[White "GMMarcinDziuba"]
[Black "inegrepus"]
[Result "1-0"]
[WhiteElo "2609"]
[BlackElo "2286"]
[TimeControl "180+1"]
[EndTime "10:07:16 PDT"]
[Termination "GMMarcinDziuba won by checkmate"]

1. e4 e6 2. d3 d5 3. Nd2 c5 4. g3 Nc6 5. Bg2 Nf6 6. Ngf3 dxe4 7. dxe4 e5 8. O-O Be7 9. c3 O-O 10. Qe2 Qc7 11. a4 Bg4 12. h3 Bxf3 13. Bxf3 Rad8 14. Nc4 Nd7 15. Ne3 Nf6 16. Nf5 Na5 17. Be3 Nb3 18.
Rad1 Rxd1 19. Rxd1 Rd8 20. Rxd8+ Bxd8 21. Qb5 Qb6 22. Qd3 Na5 23. b4 Nc6 24. Bxc5 Qc7 25. h4 Ne7 26. Nxe7+ Bxe7 27. Be3 b6 28. Kg2 h6 29.
Be2 Nd7 30. f3 Nf8 31. Qc4 Qd7 32. a5 Bd8 33. a6 Kh8 34. Qd5 Qc7 35. Bc4 Ne6 36. Bd2 g5 37. h5 g4 38. fxg4 Kg7 39.
Qd3 Bg5 40. Bxe6 Bxd2 41. Qxd2 fxe6 42. g5 Qc6 43. gxh6+ Kh7 44. Kf3 Qc4 45. Kg4 Qxe4+ 46. Kg5 Qf5+ 47. Kh4 Qe4+ 48. g4 Qh1+ 49. Kg3 Qg1+ 50.
Kf3 Qf1+ 51. Ke3 Qf4+ 52. Kd3 e4+ 53. Kc2 e3 54. Qd3+ Kxh6 55. Qg6# 1-0

[Event "*** Titled Tuesday Blitz"]
[Site "Chess.com"]
[Date "2020.04.28"]
[Round "1"]
[White "allvim"]
[Black "PlayChessSimple"]
[Result "1-0"]
[WhiteElo "2293"]
[BlackElo "2546"]
[TimeControl "180+1"]
[EndTime "10:07:16 PDT"]
[Termination "allvim won by resignation"]

1. e4 e6 2. d4 d5 3. Nd2 Nf6 4. e5 Nfd7 5. Bd3 c5 6. c3 Nc6 7. Ne2 cxd4 8. cxd4 Nb6 9. O-O Bd7 10. Nf3 h6 11.
Bd2 a5 12. Rc1 a4 13. a3 Na5 14. Bxa5 Rxa5 15. Qc2 Ra8 16. Nc3 Rc8 17. Qd2 Nc4 18.
Bxc4 Rxc4 19. Ne2 Bc6 20. Qf4 Be7 21. Ng3 Rxc1 22. Rxc1 Qb6 23. Rc2 Qb3 24. Qc1 O-O 25. Rc3 Qb6 26. Nh5 Rc8 27. Qd2 Bd7 28. h3 Rxc3 29.
Qxc3 Qc6 30. Qd2 Qb5 31. Kh2 Qb3 32. Qf4 Qxb2 33. Qg4 g6 34. Nf6+ Bxf6 35. exf6 Qxa3 36. Ne5 Be8 37. h4 h5 38. Qf4 Qf8 39. g4 hxg4 40. Nxg4 a3 41. Nh6+ Kh7 42. Ng4 a2 43. Qc1 Qd6+ 44. Kg2 Qa6 45. Qh6+ 1-0

[Event "*** Titled Tuesday Blitz"]
[Site "Chess.com"]
[Date "2020.04.28"]
[Round "1"]
[White "monstertube"]
[Black "harvsp123"]
[Result "0-1"]
[WhiteElo "2151"]
[BlackElo "2522"]
[TimeControl "180+1"]
[EndTime "10:07:16 PDT"]
[Termination "harvsp123 won on time"]

1. d4 g6 2. c4 Bg7 3. Nc3 d6 4. e4 e5 5. dxe5 Bxe5 6. Nf3 Bg7 7. Be2 Nc6 8. O-O Nf6 9. Bg5 h6 10. Bf4 O-O 11. Re1 Re8 12. Bf1 Nh5 13. Be3 Nf6 14. Qc2 Ng4 15. Bf4 Nge5 16. Nxe5 dxe5 17. Be3 Nd4 18. Qc1 c6 19. Ne2 Qh4 20. f3 Be6 21. b3 Rad8 22. Qb2 f5 23. exf5 gxf5 24. Rad1 c5 25. Bf2 Qg5 26. Qc1 Nxf3+ 27. Kh1 Qxc1 28. Rxc1 Nxe1 29. Rxe1 f4 30. Bxc5 Bf5 31. Ng1 b6 0-1

[Event "*** Titled Tuesday Blitz"]
[Site "Chess.com"]
[Date "2020.04.28"]
[Round "1"]
[White "djano"]
[Black "powermove"]
[Result "0-1"]
[WhiteElo "2456"]
[BlackElo "1645"]
[TimeControl "180+1"]
[EndTime "10:07:16 PDT"]
[Termination "powermove won on time"]

1. d4 Nf6 2. Bf4 c5 3. c3 Qb6 4.
e3 Qxb2 5. Nd2 cxd4 6. cxd4 e6 7. Ngf3 Nc6 8. Be2 Be7 9. O-O d5 10. a4 O-O 11. Ne5 Qb6 12. Ndf3 Qd8 13. Bd3 Bd7 14. Qe2 Ne4 15. Nxc6 Bxc6 16. Ne5 Be8 17. f3 Nd6 18. Rfb1 b6 19. Bg3 Rc8 20. e4 f6 21. Ng4 dxe4 22. fxe4 f5 23. exf5 exf5 24. Ne5 Ne4 25. Bf4 Qxd4+ 26. Kf1 Nc3 27. Bc4+ Kh8 28. Qe3 Rxc4 29.
Nxc4 Qxc4+ 30. Kg1 Bc5 31. Kh1 Bxe3 0-1

[Event "*** Titled Tuesday Blitz"]
[Site "Chess.com"]
[Date "2020.04.28"]
[Round "1"]
[White "vpsetter"]
[Black "Rinas_Oleg"]
[Result "1-0"]
[WhiteElo "2604"]
[BlackElo "2271"]
[TimeControl "180+1"]
[EndTime "10:07:17 PDT"]
[Termination "vpsetter won by checkmate"]

1. e4 c5 2. Nf3 Nc6 3. d4 cxd4 4. Nxd4 Nf6 5. Nc3 e5 6. Ndb5 d6 7. Bg5 a6 8. Na3 b5 9. Bxf6 gxf6 10. Nd5 Be6 11.
g4 Bg7 12. c3 Ne7 13. Bg2 Nxd5 14. exd5 Bd7 15. Be4 O-O 16. Nc2 Qc8 17. Ne3 Kh8 18.
Qf3 a5 19. Qh3 h6 20. Qh5 b4 21. c4 a4 22. h4 Rg8 23. g5 f5 24. gxh6 fxe4 25.
hxg7+ Kxg7 26. Rg1+ Kf8 27. Rxg8+ Kxg8 28. Ke2 Kf8 29. Rg1 b3 30. Qh6+ Ke7 31. Qg5+ Kf8 32. Qf6 bxa2 33. Qxd6+ Ke8 34. Rg8# 1-0

[Event "*** Titled Tuesday Blitz"]
[Site "Chess.com"]
[Date "2020.04.28"]
[Round "1"]
[White "Benjoneliere44"]
[Black "chenxiaoyuer"]
[Result "1-0"]
[WhiteElo "2511"]
[BlackElo "2123"]
[TimeControl "180+1"]
[EndTime "10:07:17 PDT"]
[Termination "Benjoneliere44 won on time"]

1. d4 Nf6 2. Bf4 g6 3. Nf3 Bg7 4. c3 O-O 5. Nbd2 d5 6. e3 c5 7. h3 Nc6 8. Bd3 Nd7 9. O-O e5 10. dxe5 Ndxe5 11. Nxe5 Nxe5 12. Be2 Be6 13. Nf3 Nxf3+ 14.
Bxf3 Qd7 15. Qe2 Rad8 16. Rfd1 Qa4 17. b3 Qa5 18. b4 Qa3 19. bxc5 Qxc5 20. Rac1 b5 21. Qb2 Rd7 22. e4 dxe4 23. Rxd7 Bxd7 24. Bxe4 Qc4 25. Qc2 Re8 26. f3 Bc6 27. Bxc6 Qxc6 28. Kh1 Qc4 29. Bg3 a6 30. Kh2 Re2 31. Qd1 Qxa2 32. Qd8+ Bf8 33. Rg1 Qe6 34. Bf4 Qe7 35. Qd3 Re6 36. Rd1 Qb7 37. Qd8 Qc6 38. Qb8 Re8 39.
Rd8 Rxd8 40. Qxd8 Qe6 41. Bh6 Qe7 42. Qa8 Qd6+ 43. g3 Qe7 44. h4 f5 45. Bxf8 Qxf8 46. Qxa6 Qe7 47. Qxb5 Qe1 48. Qd5+ Kg7 49. Qd4+ 1-0

[Event "*** Titled Tuesday Blitz"]
[Site "Chess.com"]
[Date "2020.04.28"]
[Round "1"]
[White "zivicd"]
[Black "nfds"]
[Result "1-0"]
[WhiteElo "2207"]
[BlackElo "2521"]
[TimeControl "180+1"]
[EndTime "10:07:18 PDT"]
[Termination "zivicd won on time"]

1. e4 e5 2. Nf3 Nc6 3. d4 exd4 4. Nxd4 Nf6 5. Nxc6 bxc6 6. e5 Nd5 7. c4 Nb6 8. b3 Bb4+ 9. Bd2 a5 10. a3 Bc5 11.
Bc3 Qh4 12. Qf3 O-O 13. g3 Qg5 14. Nd2 d5 15. exd6 cxd6 16. Be2 d5 17. O-O Bh3 18. Rfe1 Rfe8 19. b4 Bf8 20. bxa5 Na4 21. cxd5 cxd5 22. Bb5 Rxe1+ 23. Rxe1 Nxc3 24. Qxc3 d4 25. Qb2 Bxa3 26.
Qxa3 Qxd2 27. Ra1 d3 28. Bxd3 Re8 29. Bf1 Re1 30. Rxe1 Qxe1 31. Qd3 h6 32. a6 Be6 33.
a7 Qa1 34. Qa6 1-0

[Event "*** Titled Tuesday Blitz"]
[Site "Chess.com"]
[Date "2020.04.28"]
[Round "1"]
[White "Confer77"]
[Black "Hikaru"]
[Result "1-0"]
[WhiteElo "2486"]
[BlackElo "3232"]
[TimeControl "180+1"]
[EndTime "10:07:19 PDT"]
[Termination "Confer77 won by checkmate"]

1. e4 b6 2. d4 Bb7 3. Nc3 e6 4. Bd3 Bb4 5. Ne2 Nf6 6. O-O d5 7. e5 Nfd7 8. Nb1 Be7 9. c3 Ba6 10. Nf4 Bxd3 11. Qxd3 c5 12. Nh5 g6 13. Ng7+ Kf8 14.
Bh6 Kg8 15. Nh5 Bg5 16. Bxg5 Qxg5 17. Ng3 Nc6 18. f4 Qe7 19. Nd2 h5 20. Nf3 h4 21.
Ne2 c4 22. Qe3 b5 23. Ng5 Nb6 24. Kh1 b4 25. Ng1 b3 26. a4 a5 27. Rf3 Kg7 28. Rh3 Rh5 29. N1f3 Rah8 30. Qf2 Qe8 31. Rxh4 Rxh4 32. Nxh4 Ne7 33. g4 Qc8 34. Rg1 Kf8 35. f5 exf5 36. gxf5 Nxf5 37. Nxf7 Kxf7 38. Rxg6 Rxh4 39.
Rf6+ Ke7 40. Rxf5 Rh7 41. Qf4 Qg8 42. e6 Nc8 43. Qc7+ Kxe6 44. Re5+ Kf6 45. Qc6+ Kf7 46. Qxd5+ Kf8 47. Rf5+ Rf7 48. Qd8+ Kg7 49. Rg5+ Kh6 50. Qxg8 Nd6 51. Qg6# 1-0

[Event "*** Titled Tuesday Blitz"]
[Site "Chess.com"]
[Date "2020.04.28"]
[Round "1"]
[White "Alexander_Donchenko"]
[Black "MathiasWomacka"]
[Result "1-0"]
[WhiteElo "2880"]
[BlackElo "2449"]
[TimeControl "180+1"]
[EndTime "10:07:19 PDT"]
[Termination "Alexander_Donchenko won by resignation"]

1. Nf3 c5 2. c4 Nf6 3. g3 b6 4. Bg2 Bb7 5. O-O e6 6. Nc3 Be7 7. Re1 d5 8. cxd5 Nxd5 9. d4 Nxc3 10. bxc3 Be4 11. a4 O-O 12. a5 b5 13. Qb3 a6 14. Ne5 Bxg2 15. Kxg2 cxd4 16. cxd4 Qxd4 17. Bb2 Qe4+ 18. f3 Qb7 19. Red1 Bf6 20. Rac1 Bxe5 21. Bxe5 Nc6 22. Bb2 Rac8 23. Qc3 f6 24. Rd6 Ne5 25.
Qb3 Nc4 26. Rxe6 Rfe8 27. Rxc4 Rxe6 28. Re4 Qxe4 29. fxe4 Rc4 30. Bd4 Rxe4 31. e3 h5 32. Kf3 Re6 33. Qd3 Ra4 34. Qf5 Re7 35. Qc8+ Kh7 36.
Qxa6 Ra2 37. Qxb5 Rxh2 38. a6 h4 39. Qh5+ Kg8 40. gxh4 1-0

[Event "*** Titled Tuesday Blitz"]
[Site "Chess.com"]
[Date "2020.04.28"]
[Round "1"]
[White "Keks2017"]
[Black "Gajuchess"]
[Result "1/2-1/2"]
[WhiteElo "2418"]
[BlackElo "2758"]
[TimeControl "180+1"]
[EndTime "10:07:19 PDT"]
[Termination "Game drawn by repetition"]

1. g3 d5 2. Bg2 e5 3. d3 Nf6 4. Nf3 Nc6 5. O-O Be7 6. c3 O-O 7. Qc2 Bf5 8. Nbd2 h6 9. e4 Bh7 10. Re1 dxe4 11. dxe4 a5 12. Nh4 Bc5 13. h3 a4 14. Nf5 Re8 15. Nf1 Bxf5 16. exf5 e4 17.
Be3 Bxe3 18. Rxe3 Qd5 19. g4 Ne5 20. Ng3 Nc4 21. Re2 Nd6 22. a3 Re5 23. Rd1 Qc6 24. Rd4 Qb5 25. Rb4 Qd7 26. Rd4 b5 27. Bxe4 Rae8 28.
Bf3 Rxe2 29. Bxe2 c5 30. Rd1 Qc6 31. Bf1 Nc4 32. Bxc4 bxc4 33. Qd2 Qf3 34. Re1 Rxe1+ 35. Qxe1 Nd5 36. Qe4 Qd1+ 37. Kg2 Qd2 38. Nh5 Kf8 39. Qe5 g6 40. fxg6 fxg6 41. Qd6+ Kf7 42. Qd7+ Kf8 43. Qd8+ Kf7 44. Qd7+ Kf8 45. Qd8+ Kf7 46.
Qd7+ 1/2-1/2

[Event "*** Titled Tuesday Blitz"]
[Site "Chess.com"]
[Date "2020.04.28"]
[Round "1"]
[White "731291"]
[Black "Zufi1811"]
[Result "0-1"]
[WhiteElo "2671"]
[BlackElo "2425"]
[TimeControl "180+1"]
[EndTime "10:07:19 PDT"]
[Termination "Zufi1811 won on time"]

1. d4 Nf6 2. Nf3 g6 3. Nbd2 Bg7 4. e4 d6 5. Bd3 O-O 6. O-O Nc6 7. c3 e5 8. Re1 Re8 9. h3 h6 10. Nf1 Bd7 11. Ng3 Qe7 12. d5 Nb8 13. c4 a5 14.
Be3 Na6 15. b3 Rf8 16. Qd2 Kh7 17. Qxa5 Nc5 18. Qd2 Nxd3 19. Qxd3 Ng8 20. b4 f5 21. Bd2 f4 22. Nf1 g5 23. N3h2 Nf6 24. Rec1 h5 25. c5 g4 26. cxd6 cxd6 27. Rc7 b5 28. Rb7 Rfb8 29.
Rxb8 Rxb8 30. Rc1 gxh3 31. gxh3 Rg8 32. Kh1 Bf8 33. Ng3 fxg3 34. fxg3 Bxh3 35. Nf3 Kh8 36. Ng5 Bd7 37. Rf1 Bh6 38. Ne6 Bxe6 39. dxe6 Qxe6 40. Kg2 Bxd2 41. Qxd2 Rxg3+ 0-1